 Dungeon Crawl Stone Soup version 0.19-a0-442-g8935a21 (webtiles) character file.

21 Ordine the Changer (level 2, 0/18 HPs)
             Began as an Octopode Transmuter on June 1, 2016.
             Slain by a giant gecko (4 damage)
             ... on level 1 of the Dungeon.
             The game lasted 00:01:25 (723 turns).

Ordine the Changer (Octopode Transmuter)             Turns: 723, Time: 00:01:25

Health: 0/18       AC:  1    Str:  9    XL:     2   Next: 87%
Magic:  5/5        EV: 12    Int: 15    God:
Gold:   18         SH:  0    Dex: 12    Spells: 1 memorised, 4 levels left

rFire  . . .     SeeInvis .       - Unarmed
rCold  . . .     Gourm    .     (no shield)
rNeg   . . .     Faith    .     (helmet restricted)
rPois  .         Spirit   .     (no amulet)
rElec  .         Dismiss  .     (no ring)
rCorr  .         Reflect  .     (no ring)
SustAt .         Harm     .     (no ring)
MR     .....                    (no ring)
Stlth  ++........               (no ring)
                                (no ring)
                                (no ring)
                                (no ring)

@: not resistant to hostile enchantments, unstealthy
A: almost no armour, amphibious, 8 rings, constrict 8, camouflage 1, gelatinous
body 1
a: no special abilities


You were on level 1 of the Dungeon.
You were not hungry.

You visited 1 branch of the dungeon, and saw 1 of its levels.

You collected 18 gold pieces.

Inventory:

Scrolls
 a - 2 scrolls of remove curse
Potions
 e - a potion of lignification {unknown}
 f - a potion of agility {unknown}
Books
 b - a book of Changes

   Spells                             Type                      Level
   a - Beastly Appendage              Transmutation                1
   b - Sticks to Snakes               Transmutation                2
   c - Spider Form                    Transmutation/Poison         3
   d - Ice Form                       Ice/Transmutation            4
   e - Blade Hands                    Transmutation                5
Comestibles
 c - a bread ration
 d - a chunk of flesh


   Skills:
 - Level 1.0 Fighting
 - Level 2.0 Dodging
 - Level 3.0 Unarmed Combat
 - Level 2.0 Spellcasting
 + Level 3.3 Transmutations


You had 4 spell levels left.
You knew the following spells:

 Your Spells              Type           Power        Failure   Level  Hunger
a - Beastly Appendage     Tmut           ##....       8%          1    #......


Dungeon Overview and Level Annotations

Branches:
Dungeon (1/15)

Altars:


Innate Abilities, Weirdness & Mutations

You cannot wear most types of armour.
You are amphibious.
You can wear up to eight rings at the same time.
You can use your tentacles to constrict eight enemies at once.
Your skin changes colour to match your surroundings (Stealth+).
Your rubbery body absorbs attacks. (AC +1)


Message History

You tentacle-slap the hobgoblin but do no damage.
The hobgoblin is heavily wounded.
You constrict the hobgoblin. The hobgoblin closely misses you.
You barely miss the hobgoblin. You squeeze the hobgoblin.
You kill the hobgoblin!
You closely miss the giant gecko. Your grab misses the giant gecko.
The giant gecko bites you.
You miss the giant gecko. Your grab misses the giant gecko.
You squeeze the giant gecko, but do no damage.
The giant gecko misses you.
You closely miss the giant gecko. Your grab misses the giant gecko.
The giant gecko bites you.
You barely miss the giant gecko. Your grab misses the giant gecko.
Your squeeze misses the giant gecko. The giant gecko bites you.
* * * LOW HITPOINT WARNING * * *
You are too injured to fight recklessly!
You closely miss the giant gecko. You grab the giant gecko.
You constrict the giant gecko, but do no damage.
The giant gecko bites you.
You die...

........#.#..#
.............#
....†........#
..#...........# ##+###.
..#...........# .......
####..........# .......
'..#....##.#.## .......
##.#.....#.#.####l......
##.#####.#.#.#..@# ...#
.#.#.#.#.# .###
#.#.#.#.#.#
.#######.#.#.#.#.#
...........#.....#
######...##..#.###
#.###...#.# #......##..
#### ######......


You could see a giant gecko.

Vanquished Creatures
  An ooze (D:1)
  A giant gecko (D:1)
  4 bats (D:1)
  A goblin (D:1)
  2 hobgoblins (D:1)
  A giant newt (D:1)
  3 kobolds (D:1)
  2 rats (D:1)
15 creatures vanquished.

Notes
Turn   | Place    | Note
--------------------------------------------------------------
     0 | D:1      | Ordine the Octopode Transmuter began the quest for the Orb.
     0 | D:1      | Reached XP level 1. HP: 13/13 MP: 3/3
   448 | D:1      | Reached XP level 2. HP: 17/18 MP: 5/5
   723 | D:1      | Slain by a giant gecko

Vault maps used:
D:1:      dpeg_arrival_signposts, st_stairs_14, minivault_5, fountainhead,
          minmay_box_of_dots

Skill      XL: |  1  2 |
---------------+-------+-----
Transmutations | 3 |  3.3
Fighting       | |  1.0
Dodging        | |  2.0
Unarmed Combat | |  3.0
Spellcasting   | |  2.0

Action                   || total
-------------------------++-------
Melee: Unarmed           ||    44
       Constrict         ||     9
       Tentacles         ||     6
  Use: Scroll            ||     4
 Stab: Sleeping          ||     3
Armor: Skin              ||     6
Dodge: Dodged            ||    34
